 Dungeon Crawl Stone Soup version 0.21.1-1-g345015f (webtiles) character file.

31 tidbits the Insei (level 3, 28/28 HPs)
             Began as a Gnoll Transmuter on Feb 7, 2018.
             Quit the game on level 3 of the Dungeon.
             The game lasted 00:03:22 (395 turns).

tidbits the Insei (Gnoll Transmuter)                 Turns: 395, Time: 00:03:23

Health: 28/28      AC:  2    Str: 12    XL:     3   Next: 22%
Magic:  9/9        EV: 14    Int: 16    God:
Gold:   0          SH:  0    Dex: 15    Spells: 6/12 levels left

rFire    . . .     SeeInvis .     - Unarmed
rCold    . . .     Gourm    .   (no shield)
rNeg     . . .     Faith    .   b - +0 robe
rPois    .         Spirit   .   (no helmet)
rElec    .         Reflect  .   (no cloak)
rCorr    .         Harm     .   (no gloves)
MR       .....                  (no boots)
Stlth    ++........             (no amulet)
HPRegen  0.09/turn              (no ring)
MPRegen  0.11/turn              (no ring)

@: no status effects
A: distributed training, fangs 1, strong nose
a: no special abilities


You were on level 3 of the Dungeon.
You were not hungry.

You visited 1 branch of the dungeon, and saw 3 of its levels.

Inventory:

Hand Weapons
 f - a +0 dagger
Missiles
 a - 29 arrows
Armour
 b - a +0 robe (worn)
Scrolls
 r - a scroll of remove curse
Potions
 e - a potion of brilliance {unknown}
 h - a potion of magic {unknown}
 i - a potion of heal wounds
Books
 c - a book of Changes

   Spells                             Type                      Level
   a - Beastly Appendage              Transmutation                1
   b - Sticks to Snakes               Transmutation                2
   c - Spider Form                    Transmutation/Poison         3
   d - Ice Form                       Ice/Transmutation            4
   e - Blade Hands                    Transmutation                5
Comestibles
 d - 2 rations


   Skills:
 + Level 2.5 Fighting
 + Level 0.6 Short Blades
 + Level 0.6 Long Blades
 + Level 0.6 Axes
 + Level 0.6 Maces & Flails
 + Level 0.6 Polearms
 + Level 0.6 Staves
 + Level 0.6 Slings
 + Level 0.6 Bows
 + Level 0.6 Crossbows
 + Level 0.6 Throwing
 + Level 0.6 Armour
 + Level 4.5 Dodging
 + Level 0.6 Stealth
 + Level 0.6 Shields
 + Level 6.5 Unarmed Combat
 + Level 5.0 Spellcasting
 + Level 0.4 Conjurations
 + Level 0.4 Hexes
 + Level 0.4 Charms
 + Level 0.4 Summonings
 + Level 0.4 Necromancy
 + Level 0.4 Translocations
 + Level 3.7 Transmutations
 + Level 0.4 Fire Magic
 + Level 0.4 Ice Magic
 + Level 0.4 Air Magic
 + Level 0.4 Earth Magic
 + Level 0.4 Poison Magic
 + Level 0.8 Invocations
 + Level 0.6 Evocations


You had 6 spell levels left.
You knew the following spells:

 Your Spells              Type           Power        Failure   Level  Hunger
e - Beastly Appendage     Tmut           ###...       3%          1    None
k - Sticks to Snakes      Tmut           ###.....     4%          2    #......
p - Spider Form           Tmut/Pois      ##........   19%         3    ###....


Dungeon Overview and Level Annotations

Branches:
Dungeon (3/15)

Altars:


Innate Abilities, Weirdness & Mutations

Your experience applies equally to all skills.
You have very sharp teeth.
Your uncanny sense of smell can sniff out nearby items.


Message History

You kill the bat!
Your transformation is almost over.
Found a stone staircase leading down.
Found a sedimented pink potion.
Your transformation has ended.
Your +0 robe unmelds from your body.
You see here a sedimented pink potion.
h - a sedimented pink potion
There is a stone staircase leading down here.
There is a stone staircase leading down here.
You climb downwards.
A hobgoblin comes into view. It is wielding a club.
There is a stone staircase leading up here.
The helpless hobgoblin fails to defend itself.
You punch the hobgoblin!
You kill the hobgoblin!
Things that are here:
a club; a hobgoblin corpse
Things that are here:
a club; a hobgoblin corpse
There is a stone staircase leading up here.
A kobold comes into view.
Casting: Spider Form
Confirm with . or Enter, or press ? or * to list all spells.
You turn into a venomous arachnid creature.
Your +0 robe melds into your body.
Found a ration.
Your transformation is almost over.
You see here a ration.
d - 2 rations (gained 1)
Found an amethyst potion.
Your transformation has ended.
Your +0 robe unmelds from your body.
Found a scroll labeled PUONOJI ZIKIZU.
You see here an amethyst potion.
i - an amethyst potion You see here a scroll labeled PUONOJI ZIKIZU.
j - a scroll labeled PUONOJI ZIKIZU
Casting: Spider Form
Confirm with . or Enter, or press ? or * to list all spells.
You turn into a venomous arachnid creature.
Your +0 robe melds into your body.
You hit the kobold.
The kobold is poisoned.
The kobold is severely wounded.
You hit the kobold.
You kill the kobold!
You see here a kobold corpse.
Your transformation is almost over.
You open the door.
There is an open door here.
As you read the scroll labeled VOOCAR OFIU, it crumbles to dust.
You feel blessed for a moment.
It was a scroll of remove curse.
Your transformation has ended.
Your +0 robe unmelds from your body.
Adjust (i)tems, (s)pells, or (a)bilities?
Adjust which item? (? for menu, Esc to quit)
g - a scroll of remove curse Adjust to which letter? (? for menu, Esc to quit)
r - a scroll of remove curse
As you read the scroll labeled EMEPSITZOS, it crumbles to dust.
You feel strangely unstable.
It was a scroll of teleportation.
Okay, then.
Okay, then.
As you read the scroll labeled PUONOJI ZIKIZU, it crumbles to dust.
It is a scroll of identify.
i - a potion of heal wounds Your surroundings suddenly seem different.
Found a leather armour.
Found a stone staircase leading up.
Found an escape hatch in the ceiling.
Unknown command.
There is a stone staircase leading up here.
You climb upwards.
There is a stone staircase leading down here.
Unknown command.
You open the door.
There is an open door here.
There is a stone staircase leading down here.
You climb downwards.
There is a stone staircase leading up here.
Unknown command.
Found a fuming black potion.
Found a hand axe.
You see here a fuming black potion.
e - a fuming black potion A rat and a goblin come into view.
The goblin shouts!
Found a whip.
Casting: Spider Form
Confirm with . or Enter, or press ? or * to list all spells.
You turn into a venomous arachnid creature.
Your +0 robe melds into your body.
Unknown command.
You hit the rat.
You kill the rat!
You bite the goblin!
You kill the goblin!
Your transformation is almost over.
Your transformation has ended.
Your +0 robe unmelds from your body.
Are you sure you want to abandon this character and quit the game? (Confirm with "yes".)

#............#
#.##########.# #.#
#.# #.# #.# #.# #.#
#.# #.# #.# #.#
#.##########.####
#.@.............#
#.#############.##.#
#................#)#
.####.........).#.#
#.#########.#.#
#........ .#.#
#..##########.#
#.........[...#
#...###########


There were no monsters in sight!

Vanquished Creatures
  An adder (D:2)
  A dart slug (D:1)
  A leopard gecko (D:2)
  2 bats
  4 goblins
  2 hobgoblins
  3 jackals (D:2)
  5 kobolds
  2 rats
  A plant (D:1)
22 creatures vanquished.

Notes
Turn   | Place    | Note
-------+----------+-------------------------------------------
     0 | D:1      | tidbits the Gnoll Transmuter began the quest for the Orb.
     0 | D:1      | Reached XP level 1. HP: 17/17 MP: 6/6
   102 | D:1      | Reached XP level 2. HP: 22/23 MP: 5/7
   106 | D:1      | Learned a level 2 spell: Sticks to Snakes
   210 | D:2      | Reached XP level 3. HP: 22/28 MP: 5/9
   215 | D:2      | Learned a level 3 spell: Spider Form
   234 | D:2      | Reached skill level 5 in Spellcasting
   395 | D:3      | Quit the game

Skill      XL: |  1  2  3 |
---------------+----------+-----
Spellcasting   | 5 |  5.0
Fighting       | |  2.5
Short Blades   | |  0.6
Long Blades    | |  0.6
Axes           | |  0.6
Maces & Flails | |  0.6
Polearms       | |  0.6
Staves         | |  0.6
Slings         | |  0.6
Bows           | |  0.6
Crossbows      | |  0.6
Throwing       | |  0.6
Armour         | |  0.6
Dodging        | |  4.5
Stealth        | |  0.6
Shields        | |  0.6
Unarmed Combat | |  6.5
Conjurations   | |  0.4
Hexes          | |  0.4
Charms         | |  0.4
Summonings     | |  0.4
Necromancy     | |  0.4
Translocations | |  0.4
Transmutations | |  3.7
Fire Magic     | |  0.4
Ice Magic      | |  0.4
Air Magic      | |  0.4
Earth Magic    | |  0.4
Poison Magic   | |  0.4
Invocations    | |  0.8
Evocations     | |  0.6

Action                   || total
-------------------------++-------
Melee: Unarmed           ||    67
       Kick              ||    17
       Bite              ||     7
       Headbutt          ||     3
       Punch             ||     2
 Cast: Beastly Appendage ||     7
       Sticks to Snakes  ||     2
       Spider Form       ||     4
  Use: Scroll            ||     3
 Stab: Sleeping          ||     1
Armor: Robe              ||     3
Dodge: Dodged            ||    23

Table legend:
 A = Turns spent in this place as a percentage of turns spent in the entire game.
 B = Non-inter-level travel turns spent in this place as a percentage of non-inter-level travel turns spent in the entire game.
 C = Inter-level travel turns spent in this place as a percentage of turns spent in this place.
 D = Turns resting spent in this place as a percentage of non-inter-level travel turns spent in this place.
 E = Turns spent auto-exploring this place as a percentage of non-inter-level travel turns spent in this place.
 F = Non-inter-level travel turns spent in this place divided by the number of levels of this place that you've seen.
                   A       B       C       D       E      F
               +-------+-------+-------+-------+-------+----------------------
         Total | 100.0 | 100.0 |   0.0 |   0.0 |   0.0 | 131.7
       Dungeon | 100.0 | 100.0 |   0.0 |   0.0 |   0.0 | 131.7
               +-------+-------+-------+-------+-------+----------------------

Table legend:
 A = Kills in this place as a percentage of kills in entire the game.
 B = Kills by you in this place as a percentage of kills by you in the entire game.
 C = Kills by friends in this place as a percentage of kills by friends in the entire game.
 D = Other kills in this place as a percentage of other kills in the entire game.
 E = Experience gained in this place as a percentage of experience gained in the entire game.
 F = Experience gained in this place divided by the number of levels of this place that you have seen.
                   A       B       C       D       E      F
               +-------+-------+-------+-------+-------+----------------------
         Total | 100.0 | 100.0 |   N/A |   N/A | 100.0 |  15.0
       Dungeon | 100.0 | 100.0 |   N/A |   N/A | 100.0 |  15.0
               +-------+-------+-------+-------+-------+----------------------

Vault maps used:
D:1:      tarquinn_simple_flora_water_a, serial_forest,
          infiniplex_forest_clump_small, infiniplex_forest_clump_tiny,
          infiniplex_forest_corner_1, infiniplex_forest_lined_ring,
          infiniplex_forest_straight_4, infiniplex_forest_corner_1,
          infiniplex_forest_lined_4_way, infiniplex_forest_straight_5,
          infiniplex_forest_straight_4
D:2:      eat_drink_and_be_merry_uskayaw, first_ration, minivault_14
D:3:      uniq_robin, uniq_crazy_yiuf_cottage
